 Dungeon Crawl Stone Soup version 0.27.1-34-g3ba077fa99 (webtiles) character file.

Game seed: 7151304919620481830

366 belegose the Skirmisher (level 6, -14/52 HPs)
             Began as a Draconian Abyssal Knight on Jan 10, 2022.
             Was a Believer of Lugonu.
             Demolished by an orc priest (18 damage)
             ... on level 4 of the Dungeon.
             The game lasted 00:10:28 (5615 turns).

belegose the Skirmisher (Draconian Abyssal Knight)  Turns: 5615, Time: 00:10:29

Health: -14/52     AC:  6    Str: 15    XL:     6   Next: 40%
Magic:  8/8        EV: 12    Int: 14    God:    Lugonu [**....]
Gold:   175        SH:  6    Dex: 10    Spells: 4/5 levels left

rFire    . . .     SeeInvis .   n - +0 long sword
rCold    . . .     Faith    .   l - +2 buckler
rNeg     . . .     Spirit   .   (armour unavailable)
rPois    .         Reflect  .   (helmet restricted)
rElec    .         Harm     .   e - scarf {+Inv}
rCorr    .         Rampage  .   (no gloves)
Will     .....                  (no boots)
Stlth    ++........             p - amulet of the acrobat
HPRegen  0.17/turn              (no ring)
MPRegen  0.11/turn              (no ring)

@: no status effects
A: AC +6, unfitting armour, cold-blooded
a: Renounce Religion, Evoke Invisibility, Depart the Abyss, Bend Space


You were on level 4 of the Dungeon.
You worshipped Lugonu.
Lugonu was pleased with you.
You visited 1 branch of the dungeon, and saw 6 of its levels.
You visited the Abyss 1 time.

You collected 175 gold pieces.

Inventory:

Hand Weapons
 a - a +1 mace
 n - a +0 long sword (weapon)
Missiles
 d - 206 stones
 j - 16 poisoned darts (quivered)
 m - 6 boomerangs
Armour
 e - a scarf of invisibility (worn)
 l - a +2 buckler (worn)
Jewellery
 p - an amulet of the acrobat (around neck)
Wands
 w - a wand of paralysis (5)
Scrolls
 c - 2 scrolls of teleportation {unknown}
 g - 5 scrolls of identify {unknown}
 h - 3 scrolls of vulnerability {unknown}
 i - a scroll of acquirement {unknown}
 o - a scroll of enchant weapon {unknown}
 q - a scroll of holy word {unknown}
 s - a scroll of fog {unknown}
 t - a scroll of enchant armour {unknown}
 u - a scroll of noise {unknown}
Potions
 b - a potion of ambrosia {unknown}
 f - a potion of attraction {unknown}
 k - 2 potions of haste {unknown}
 r - a potion of degeneration {unknown}
 v - a potion of heal wounds {unknown}


   Skills:
 - Level 4.2 Fighting
 + Level 2.0 Long Blades
 - Level 2.7 Maces & Flails
 - Level 2.5 Dodging
 + Level 2.6 Stealth
 + Level 2.3 Shields
 + Level 3.9 Invocations


You had 4 spell levels left.
You knew the following spells:

 Your Spells              Type           Power      Damage    Failure   Level
a - Animate Skeleton      Necr           0%         N/A       34%         1

Your spell library contained the following spells:

 Spells                   Type           Power      Damage    Failure   Level
 Pain                     Necr           0%         1d4       34%         1
 Slow                     Hex            0%         N/A       47%         2
 Confusing Touch          Hex            0%         N/A       71%         3
 Vampiric Draining        Necr           0%         2d6       71%         3
 Agony                    Necr           0%         N/A       100%        5
 Excruciating Wounds      Necr           0%         N/A       100%        5


Dungeon Overview and Level Annotations

Branches:
Dungeon (6/15)
 Temple: D:4-7

Altars:
Sif Muna
Beogh

Shops:
D:3 [

Annotations:
D:2 Sigmund
D:5 exclusion: ogre
D:6 Prince Ribbit


Innate Abilities, Weirdness & Mutations

Your plain brown scales are hard. (AC +6)
You cannot fit into any form of body armour.
You are cold-blooded and may be slowed by cold attacks.


Message History

You hit the orc.
The orc is heavily wounded.
The orc hits you with a +0 hand axe. The orc closely misses you.
The orc barely misses you.
You riposte.
You hit the orc. You tail-slap the orc.
The orc is severely wounded.
You completely miss the orc.
The orc is heavily wounded.
The orc closely misses you. You block the orc's attack.
The orc priest calls upon Beogh to heal the orc.
The orc's wounds heal themselves!
You slash the orc!
You kill the orc!
Lugonu accepts your kill. The orc hits you but does no damage.
The orc priest misses you.
You riposte.
You barely miss the orc priest. You tail-slap the orc priest.
The orc priest is moderately wounded.
The orc barely misses you.
You riposte.
You hit the orc but do no damage.
The orc is severely wounded.
You closely miss the orc priest.
The orc priest is moderately wounded.
The orc priest hits you with a +1 dagger of electrocution.
You are electrocuted!
* * * LOW HITPOINT WARNING * * *
You block the orc's attack.
You barely miss the orc priest.
The orc priest is moderately wounded.
The orc priest hits you with a +1 dagger of electrocution.
* * * LOW HITPOINT WARNING * * *
The orc completely misses you.
Unknown command.
You slash the orc priest!
The orc priest is severely wounded.
The orc priest barely misses you. The orc barely misses you.
You riposte.
You slash the orc!
You kill the orc!
Lugonu accepts your kill.
The orc priest hits you with a +1 dagger of electrocution.
* * * LOW HITPOINT WARNING * * *
You are electrocuted!!
You die...

#. #######..# #.
#........#
#.#.###.#####.## ###
#.#........##.## ..#
#.#..##.##.#...######.#
#.#
#.#..##.##oo.........)#
#.#
#.#....o..#####..######
#.# #.##.##o### ##.#
#.# ###.##.##@## #(#
#.#
#........).#_o.o.'.#
#.#
#.#.########.8$8.###
#.######.#.# ##$$o#
.........#.# ####
...###.....# #..#
#...### #..###...#
#....†...#


You could see an orc priest and an orc.

Vanquished Creatures
  An ogre (D:3)
  A centaur zombie (D:4)
  An orc priest (D:4)
  A centaur skeleton (D:4)
  2 iguanas
  A howler monkey zombie (D:6)
  A gnoll (D:6)
  3 adders
  3 worms
  4 dart slugs
  6 orcs (D:4)
  6 bats
  8 endoplasms
  4 giant cockroaches
  3 goblins
  6 hobgoblins
  A quokka (D:1)
  7 ball pythons
  2 frilled lizards
  7 kobolds
  11 rats
79 creatures vanquished.

Notes
Turn   | Place    | Note
-------+----------+-------------------------------------------
     0 | Abyss:1  | belegose the Draconian Abyssal Knight began the quest for
                  | the Orb.
     0 | Abyss:1  | Reached XP level 1. HP: 19/19 MP: 2/2
    13 | Abyss:1  | Found a corrupted altar of Lugonu.
   108 | Abyss:1  | Noticed a quasit
   111 | D:1      | Escaped the Abyss
   352 | D:1      | Reached XP level 2. HP: 20/26 MP: 3/3
   553 | D:1      | Reached * piety under Lugonu
  1899 | D:2      | Reached skill level 1 in Stealth
  1910 | D:2      | Reached XP level 3. HP: 25/31 MP: 4/4
  2001 | D:2      | Learned a level 1 spell: Animate Skeleton
  2084 | D:2      | Found a faded altar of an unknown god.
  2393 | D:2      | Noticed Sigmund
  2709 | D:3      | Noticed an ogre
  2914 | D:4      | Reached ** piety under Lugonu
  3069 | D:3      | Found Etwuytet's Antique Armour Boutique.
  3164 | D:3      | You fall into a shaft and drop 3 floors!
  3170 | D:6      | Noticed Prince Ribbit
  3206 | D:6      | Reached XP level 4. HP: 35/40 MP: 6/6
  3415 | D:5      | Entered Level 5 of the Dungeon
  3438 | D:5      | Found a shimmering blue altar of Sif Muna.
  3539 | D:5      | Noticed an ogre
  3564 | D:5      | Identified the +8 rapier "Riaxynt" {antimagic, Fly rElec}
  3564 | D:5      | Noticed a centaur
  3609 | D:5      | Reached skill level 4 in Fighting
  3609 | D:5      | Reached skill level 1 in Shields
  4019 | D:3      | Killed an ogre
  4020 | D:3      | Reached skill level 1 in Long Blades
  4020 | D:3      | Reached XP level 5. HP: 21/46 MP: 7/7
  5134 | D:4      | Reached XP level 6. HP: 42/52 MP: 8/8
  5615 | D:4      | Demolished by an orc priest

Illustrated notes

Levels and vault maps discovered:
D:1:      dpeg_arrival_oval, layout_basic, nrook_uturn, minmay_indecisive_spiral
D:2:      layout_loops_corners, shapermc_ecumenical_altar_starsandcircs,
          minmay_strange_pillars, uniq_sigmund
D:3:      layout_basic, serial_shops, nicolae_shop_crystal
D:4:      layout_loops_ring, kennysheep_orc_chapel
D:5:      layout_loops_ring, mainiacjoe_overflow_cross_hatched
D:6:      layout_loops_cross, minmay_temple_entry_statues_fountains,
          serial_shops, shop, shop, nicolae_diamond_shop, uniq_prince_ribbit1

Skill      XL: |  1  2  3  4  5  6 |
---------------+-------------------+-----
Stealth        | 1 2 |  2.6
Fighting       | 4 |  4.2
Shields        | 1 2 |  2.3
Invocations    | 3 |  3.9
Long Blades    | 1 2 |  2.0
Maces & Flails | |  2.7
Dodging        | |  2.5

Action                   |  1- 3 |  4- 6 || total
-------------------------+-------+-------++-------
Melee: Mace              |   127 |     4 ||   131
       Tailslap          |    12 |    22 ||    34
       Long sword        |       |   122 ||   122
Throw: Dart              |       |    12 ||    12
Invok: Depart the Abyss  |     1 |       ||     1
 Stab: Sleeping          |     3 |     5 ||     8
Armor: Skin              |    61 |    48 ||   109
Dodge: Dodged            |   102 |   119 ||   221
Block: Buckler           |    28 |    66 ||    94
       Rpst.: Long sword |       |    26 ||    26
